 Dungeon Crawl Stone Soup version 0.20-a0-463-g5747544 (webtiles) character file.

70 M4edhros the Sneak (level 4, -3/28 HPs)
             Began as an Octopode Artificer on Jan 11, 2017.
             Slain by a worker ant (5 damage)
             ... on level 5 of the Dungeon.
             The game lasted 00:01:34 (891 turns).

M4edhros the Sneak (Octopode Artificer)              Turns: 891, Time: 00:01:35

Health: -3/28      AC:  1    Str: 11    XL:     4   Next: 22%
Magic:  6/6        EV: 13    Int: 13    God:
Gold:   86         SH:  0    Dex: 13    Spells: 3/3 levels left

rFire  + . .     SeeInvis .     l - +1 flail (drain)
rCold  + . .     Gourm    .     (no shield)
rNeg   . . .     Faith    +     (helmet restricted)
rPois  +         Spirit   .     w - amulet of faith
rElec  +         Reflect  .     (no ring)
rCorr  +         Harm     .     (no ring)
MR     .....                    (no ring)
Stlth  ++++......               (no ring)
                                (no ring)
                                (no ring)
                                (no ring)
                                (no ring)

@: lethally poisoned (-3 -> -7), resistant, flying
A: almost no armour, stealthy swim, amphibious, 8 rings, constrict 8, camouflage
1, gelatinous body 1
a: no special abilities


You were on level 5 of the Dungeon.
You were not hungry.

You visited 1 branch of the dungeon, and saw 4 of its levels.

You collected 86 gold pieces.

Inventory:

Hand Weapons
 a - a +0 short sword
 l - a +1 flail of draining (weapon)
Missiles
 r - 4 curare-tipped needles
Jewellery
 w - an amulet of faith (around mantle)
Wands
 b - a wand of flame (11/48)
 c - a wand of enslavement (14/24)
 d - a wand of random effects (15/48)
 q - a wand of digging (7/24)
Scrolls
 e - a scroll of enchant weapon {unknown}
 g - a scroll of random uselessness {unknown}
 h - a scroll of immolation {unknown}
 i - 3 scrolls of identify {unknown}
 m - a scroll of amnesia {unknown}
 n - a scroll of enchant armour {unknown}
 p - a scroll of teleportation {unknown}
 s - a scroll of recharging {unknown}
 t - a scroll of fear {unknown}
 u - a scroll of remove curse {unknown}
Comestibles
 f - 3 bread rations
 j - a meat ration
 o - 14 chunks of flesh


   Skills:
 - Level 1.0 Fighting
 - Level 1.0 Short Blades
 - Level 2.0 Dodging
 + Level 5.7 Stealth
 - Level 3.2 Evocations


You had 3 spell levels left.
You didn't know any spells.

Dungeon Overview and Level Annotations

Branches:
Dungeon (3/15)

Altars:
Qazlal


Innate Abilities, Weirdness & Mutations

You cannot wear most types of armour.
You are very stealthy in the water. (Stealth+)
You are amphibious.
You can wear up to eight rings at the same time.
You can use your tentacles to constrict eight enemies at once.
Your skin changes colour to match your surroundings (Stealth+).
Your rubbery body absorbs attacks. (AC +1, EV +1)


Message History

The worker ant is heavily wounded.
This wand has 11 charges left.
* * * LOW HITPOINT WARNING * * *
You feel sick. The worker ant bites you.
* * * LOW HITPOINT WARNING * * *
It was a potion of resistance.
You feel protected. The worker ant completely misses you.
It was a potion of flight.
You feel very buoyant.
You fly up into the air.
* * * LOW HITPOINT WARNING * * *
You feel sick. The worker ant barely misses you.
Evoke which item? (* to show all) (? for menu, Esc to quit)
Aiming: Enslavement
Press: ? - help, Shift-Dir - straight line, f/p - worker ant
Aim: a worker ant (heavily wounded, chance to defeat MR: 64%)
The worker ant struggles to resist.
This wand has 14 charges left.
The worker ant closely misses you. The worker ant bites you.
You die...

+# .# .# ##
###a###### ..
#.@.......
#.#.#.##.....####
............##
..#.#.####.## #
.# .# .# .#


You could see a worker ant.

Vanquished Creatures
  Jessica (D:3)
  A gnoll (D:1)
  A leopard gecko (D:1)
  6 orcs (D:3)
  2 giant cockroaches
  4 hobgoblins
  A quokka (D:2)
  4 bats
  4 kobolds
  4 rats
28 creatures vanquished.

Notes
Turn   | Place    | Note
-------+----------+-------------------------------------------
     0 | D:1      | M4edhros the Octopode Artificer began the quest for the Orb.
     0 | D:1      | Reached XP level 1. HP: 13/13 MP: 3/3
    34 | D:1      | Reached skill level 2 in Stealth
    87 | D:1      | Reached skill level 3 in Stealth
    87 | D:1      | Reached XP level 2. HP: 3/18 MP: 4/4
   524 | D:1      | Reached skill level 4 in Stealth
   615 | D:2      | Reached XP level 3. HP: 20/23 MP: 5/5
   680 | D:2      | Found a stormy altar of Qazlal.
   824 | D:3      | Noticed Jessica
   832 | D:3      | Killed Jessica
   832 | D:3      | Reached skill level 5 in Stealth
   832 | D:3      | Reached XP level 4. HP: 14/28 MP: 6/6
   882 | D:3      | You fall through a shaft for 2 floors!
   882 | D:5      | Entered Level 5 of the Dungeon
   891 | D:5      | Slain by a worker ant

Vault maps used:
D:1:      dpeg_arrival_more_subterranean_lakeside_camping
D:2:      grunt_qazlal_clouds, uniq_sigmund
D:3:      first_bread, uniq_jessica
D:5:      grunt_temple_overflow_gold_and_silver

Skill      XL: |  1  2  3 |
---------------+----------+-----
Stealth        | 3 4 5 |  5.7
Fighting       | |  1.0
Short Blades   | |  1.0
Dodging        | |  2.0
Evocations     | |  3.2

Action                   |  1- 3 |  4- 6 || total
-------------------------+-------+-------++-------
Melee: Short sword       |    21 |       ||    21
       Constrict         |    20 |       ||    20
       Tentacles         |     5 |       ||     5
       Flail             |    30 |     2 ||    32
Evoke: Wand              |     3 |     2 ||     5
  Use: Potion            |       |     2 ||     2
 Stab: Sleeping          |     5 |     1 ||     6
Armor: Skin              |     3 |       ||     3
Dodge: Dodged            |    38 |     4 ||    42
